 Dungeon Crawl Stone Soup version 0.20.1-1-g8b1a95d (webtiles) character file.

573380 ANON1729 the Ruinous (level 27, 0/169 HPs)
             Began as a Tengu Fire Elementalist on July 29, 2017.
             Was the Champion of Vehumet.
             Hit by a large rock thrown by a stone giant (31 damage)
             ... on level 5 of the Vaults on July 30, 2017.
             The game lasted 09:51:35 (86042 turns).

ANON1729 the Ruinous (Tengu Fire Elementalist)     Turns: 86042, Time: 09:51:45

Health: 0/169      AC: 12    Str:  9    XL:     27
Magic:  18/56      EV: 26    Int: 27    God:    Vehumet [******]
Gold:   3684       SH: 16    Dex: 19    Spells: 1/65 levels left

rFire    . . .     SeeInvis .   J - +11 trident "Remaser" {pierce, rPois rC- MP+9}
rCold    + + .     Gourm    .   D - +2 buckler
rNeg     . . .     Faith    .   W - +2 robe {rC+}
rPois    +         Spirit   .   z - +2 hat {MR+}
rElec    .         Reflect  +   s - scarf {rC+ rF+}
rCorr    .         Harm     .   x - +1 pair of gloves {archery}
MR       ++++.                  (boots unavailable)
Stlth    ++........             V - +5 amulet of reflection
Regen    0.4/turn               Y - ring of Diamieh {Ice Str+2 Dex+3 Slay+2}
MPRegen  0.4/turn               U - ring of protection from magic

@: flying quickly and evasively, drained, quick
A: beak, talons 3, icy blue scales 1, large bone plates 1, thin metallic scales
1, mutation resistance 1, weak 1, MP-powered wands, able to fly 2
}: 3/15 runes: barnacled, slimy, gossamer
a: Stop Flying, Renounce Religion


You were on level 5 of the Vaults.
You worshipped Vehumet.
Vehumet was exalted by your worship.
You were very hungry.

You visited 9 branches of the dungeon, and saw 45 of its levels.
You also visited: Labyrinth, Sewer, Ossuary and Ice Cave.

You collected 5690 gold pieces.
You spent 2006 gold pieces at shops.

Inventory:

Hand Weapons
 c - the +4 dagger "Morg" {pain, MR+ Int+5}
   (You found it on level 3 of the Elven Halls)

   In the hands of one skilled in necromantic magic, it inflicts extra damage on
   living creatures.
   It affects your intelligence (+5).
   It affects your resistance to hostile enchantments.
 d - the +3 arbalest of Tacsaol {elec, rF+++ MR- Dex+3 Stlth+}
   (You found it on level 1 of the Vaults)

   It charges the ammunition it shoots with electricity; occasionally upon a
   hit, such missiles may discharge and cause terrible harm.
   It affects your dexterity (+3).
   It renders you almost immune to fire.
   It affects your resistance to hostile enchantments.
   It makes you more stealthy.
 J - the +11 trident "Remaser" (weapon) {pierce, rPois rC- MP+9}
   (You took it off a deep elf high priest on level 3 of the Elven Halls)

   It inflicts extra damage upon your enemies.
   It makes you vulnerable to cold.
   It protects you from poison.
   It affects your magic capacity (+9).
Missiles
 h - 675 bolts
Armour
 s - a scarf of resistance (worn)
 x - a +1 pair of gloves of archery (worn)
 z - a +2 hat of magic resistance (worn)
 D - a +2 buckler (worn)
 W - a +2 robe of cold resistance (worn)
Magical Staves
 l - an uncursed staff of wizardry
Jewellery
 t - an uncursed ring of fire
 v - an uncursed ring of resist corrosion
 C - an uncursed ring of see invisible
 U - a ring of protection from magic (right hand)
 V - a +5 amulet of reflection (around neck)
 Y - the ring of Diamieh (left hand) {Ice Str+2 Dex+3 Slay+2}
   (You found it on level 5 of the Pits of Slime)

   [ring of ice]

   It enhances your ice magic.
   It affects your strength (+2).
   It affects your dexterity (+3).
   It affects your accuracy and damage with ranged weapons and melee attacks
   (+2).
   It makes you vulnerable to fire.
   It protects you from cold.
Wands
 j - a wand of paralysis (17/24)
 w - a wand of clouds (5/9)
 y - a wand of digging (4/24)
 Z - a wand of flame (16/48)
Scrolls
 f - 4 scrolls of enchant armour
 o - 4 scrolls of amnesia
 p - a scroll of silence
 q - 9 scrolls of teleportation
 r - a scroll of holy word
 u - 8 scrolls of fog
 A - 4 scrolls of immolation
 B - 16 scrolls of remove curse
 F - 2 scrolls of magic mapping
 I - 6 scrolls of fear
 N - a scroll of blinking
 O - a scroll of summoning
 Q - 5 scrolls of enchant weapon
 X - 2 scrolls of identify
Potions
 e - 8 potions of brilliance
 g - 8 potions of agility
 k - 2 potions of berserk rage
 m - a potion of heal wounds
 n - 11 potions of curing
 G - a potion of resistance
 H - 3 potions of invisibility
 K - 5 potions of magic
 L - 6 potions of haste
 M - 4 potions of ambrosia
 P - 8 potions of cancellation
 T - 5 potions of might
Miscellaneous
 a - 3 phantom mirrors
 b - a phial of floods
 E - 2 boxes of beasts
Comestibles
 i - 3 chunks of flesh
 S - 10 royal jellies


   Skills:
 + Level 16.4(15.7) Fighting
   Level 2.7(2.2) Maces & Flails
 - Level 5.7(5.1) Armour
 - Level 12.2(11.5) Dodging
 - Level 2.0(1.5) Stealth
 - Level 4.0(3.4) Shields
 + Level 19.6(18.9) Spellcasting
 + Level 22.5(21.7) Conjurations
 + Level 13.2(12.6) Summonings
   Level 5.1(4.6) Necromancy
 + Level 20.1(19.4) Fire Magic
 * Level 20.8(20.0) Air Magic


You had one spell level left.
You knew the following spells:

 Your Spells              Type           Power        Failure   Level  Hunger
a - Ignition              Fire           #######...   1%          8    ######.
b - Conjure Flame         Conj/Fire      #######.     0%          3    None
c - Sticky Flame          Conj/Fire      #######.     0%          4    None
d - Orb of Destruction    Conj           #######...   1%          7    ####...
e - Bolt of Cold          Conj/Ice       #######...   1%          6    ##.....
f - Bolt of Fire          Conj/Fire      #######...   1%          6    ##.....
g - Iron Shot             Conj/Erth      ######....   1%          6    ##.....
h - Iskenderun's Battles  Conj/Chrm      ######..     1%          5    None
i - Spellforged Servitor  Conj/Summ      #######...   1%          7    ####...
j - Swiftness             Chrm/Air       ######..     1%          2    None
k - Summon Butterflies    Summ           #######.     0%          1    None
l - Tornado               Air            #######...   10%         9    #######


Dungeon Overview and Level Annotations

Branches:
Dungeon (15/15)            Temple (1/1) D:7            Lair (6/6) D:8
 Shoals (4/4) Lair:4       Spider (4/4) Lair:3        Slime (5/5) Lair:6
    Orc (2/2) D:10            Elf (3/3) Orc:2        Vaults (5/5) D:14
  Crypt (0/3) Vaults:2     Depths (0/5) D:15

Altars:
Ashenzari
Cheibriados
Dithmenos
Elyvilon
Fedhas
Gozag
Hepliaklqana
Kikubaaqudgha
Makhleb
Nemelex Xobeh
Okawaru
Qazlal
Ru
Sif Muna
Trog
Uskayaw
Vehumet
Xom
Yredelemnul
Zin
The Shining One
Beogh
Jiyva

Shops:
D:4 ?   D:7 [   D:10 [   D:11 ?   D:12 }   D:14 !*=*   D:15 [   Orc:2 ?[*:[
Elf:3 (   Vaults:2 ***   Vaults:3 :   Vaults:4 [[?!

Annotations:
D:13 exclusion: downstairs
D:14 exclusion: Roxanne, Roxanne
Slime:4 Peloso's ghost, veteran MiFi
Slime:5 exclusion: upstairs


Innate Abilities, Weirdness & Mutations

You have a beak for a mouth.
You have claws for feet.
You can fly continuously.
You are partially covered in icy blue scales. (AC +2)
You are partially covered in large bone plates. (SH +4)
You are partially covered in thin metallic scales. (AC +2)
You are somewhat resistant to further mutation.
You are weak. (Str -2)
You expend magic power (3 MP) to strengthen your wands.


Message History

You are feeling very hungry.
You hear a shout! x2
The shadow dragon bites you. The shadow dragon misses you.
The shadow dragon barely misses you. You block the ettin's attack.
The ettin hits you with a dire flail!!
* * * LOW HITPOINT WARNING * * *
Unknown command.
Casting: Ignition
Confirm with . or Enter, or press ? or * to list all spells.
The air bursts into flame!
The fireball engulfs the stone giant.
The stone giant is heavily wounded.
The fireball engulfs the shadow dragon.
The shadow dragon is heavily wounded.
The fireball engulfs the ettin.
You kill the ettin!
Vehumet accepts your kill.
The fireball engulfs the stone giant.
The stone giant is severely wounded.
The stone giant throws a large rock.
The large rock hits you!!
You die...

## ######## ###########
.. ......###.........#+
.' #'....'....'##+...#
#. #....#....#8.#....
#.C#....#....#.)#....
#)@D(8'....+##%....
..........###..........#
'##'##+##'# #'##+##'##+#
.. ..###..........# .
....+....+##+....
#....#....# #....
#....#....# #....
+..Q.#....+##+..).
#..........#


You could see a shadow dragon, a stone giant and a friendly spellforged
servitor.

Vanquished Creatures
  Dissolution (Slime:3)
  the Royal Jelly (Slime:5)
  An ancient lich (Vaults:4)
  Bai Suzhen (Spider:4)
  Frederick (Vaults:2)
  A golden dragon (Vaults:5)
  Asterion (Elf:2)
  Rupert (Lair:4)
  A lich (Vaults:4)
  A titan (Vaults:5)
  A deep elf blademaster (Elf:3)
  35 acid blobs
  The ghost of SirMumm the Devastator, an adept GrWz of Okawaru (Shoals:4)
  5 sphinxes
  4 tengu reavers (Vaults:5)
  Ilsuiw (Shoals:4)
  7 vault wardens
  5 deep elf sorcerers
  3 frost giants
  4 ghost moths
  2 fire giants
  An orc warlord (Orc:1)
  21 azure jellies
  The ghost of Goboxel the Fighter, a journeyman DrMo of Qazlal (Shoals:1)
  Aizul (Spider:3)
  3 emperor scorpions
  2 deep elf elementalists (Elf:3)
  The ghost of Sharkie the Fighter, an adept VSFi of Okawaru (D:14)
  17 ironheart preservers
  11 stone giants
  6 entropy weavers
  6 very ugly things
  6 dire elephants (Lair:6)
  Nessos (Lair:5)
  6 deep elf demonologists
  5 deep elf annihilators
  Josephine (Lair:4)
  A spark wasp (Spider:4)
  An eidolon (Vaults:2)
  7 merfolk javelineers
  Snorg (Lair:3)
  4 ettins
  7 deep elf death magi
  11 merfolk impalers
  8 death oozes
  6 deep elf high priests
  A minotaur (Lab)
  8 yaktaur captains
  An ice dragon (shapeshifter) (Vaults:2)
  5 great orbs of eyes
  3 ice dragons (Vaults:2)
  34 vault guards
  10 hydras
  Erolcha (Orc:1)
  Erica (Lair:2)
  4 centaur warriors
  27 two-headed ogres
  An anaconda (Lair:6)
  9 merfolk aquamancers
  An alligator snapping turtle (Shoals:4)
  2 deep troll shamans (Vaults:1)
  3 death knights
  2 death yaks (IceCv)
  12 ogre magi
  3 satyrs
  27 dancing weapons
  An alligator (shapeshifter) (Vaults:5)
  A vampire mage (Vaults:2)
  Urug (D:15)
  An orc high priest (Elf:1)
  Nergalle (Lair:3)
  Sonja (Lair:3)
  32 deep elf knights
  A shadow wraith (Vaults:4)
  A soul eater (Vaults:2)
  A golden dragon zombie (D:15)
  2 skeletal warriors
  13 sea snakes
  A glowing orange brain (shapeshifter) (Vaults:4)
  8 deep trolls
  A flayed ghost (D:15)
  2 wizards (D:14)
  3 unseen horrors
  31 deep elf archers
  A harpy (shapeshifter) (D:15)
  4 necromancers
  9 ironbrand convokers
  19 orc knights
  24 harpies
  5 phantasmal warriors
  22 wolf spiders
  2 oklob plants (Lair:3)
  11 manticores
  13 orb spiders
  7 orc sorcerers
  A mana viper (shapeshifter) (Vaults:5)
  10 cyclopes
  2 fire giant zombies
  11 fauns (Shoals:2)
  32 ugly things
  86 deep elf magi
  13 shining eyes
  A sphinx skeleton (Vaults:3)
  A tengu skeleton (D:15)
  10 merfolk sirens
  A black mamba (shapeshifter) (D:15)
  18 vault sentinels
  24 elephants
  A moth of wrath (Spider:4)
  7 water nymphs
  An ice statue (IceCv)
  4 eyes of devastation
  Maurice (D:9)
  A water nymph (shapeshifter) (Vaults:2)
  7 black mambas
  A torpor snail (Lair:6)
  6 gargoyles
  14 spiny frogs
  2 fire giant skeletons
  3 demonic crawlers
  24 yaktaurs
  2 rime drakes
  An efreet (D:13)
  9 komodo dragons
  A yaktaur (shapeshifter) (Elf:2)
  4 freezing wraiths
  2 yaktaur skeletons
  A guardian mummy (D:15)
  2 human skeletons (Vaults:2)
  A merfolk (shapeshifter) (Vaults:3)
  9 trolls
  19 polar bears
  10 hornets
  Grinder (D:3)
  2 polar bears (shapeshifter)
  8 wind drakes
  43 merfolk
  156 slime creatures
  17 jumping spiders
  A wind drake (shapeshifter) (Vaults:3)
  A dream sheep (shapeshifter) (Vaults:5)
  20 blink frogs
  14 hippogriffs
  An ettin zombie (Vaults:3)
  10 dream sheep
  11 snapping turtles
  A centaur simulacrum (D:15)
  6 air elementals
  2 shadows
  2 spriggans
  7 wyverns
  Sigmund (D:2)
  54 redbacks
  23 tarantellas
  A spriggan (shapeshifter) (Vaults:1)
  2 tarantellas (shapeshifter)
  A vampire (D:11)
  97 yaks
  12 wraiths
  A wyvern (shapeshifter) (Vaults:5)
  3 fire elementals
  13 golden eyes
  5 basilisks
  23 water elementals
  2 hungry ghosts
  4 vampire mosquitoes (D:15)
  The ghost of SlightEye the Sneak, an amateur OpAs (D:3)
  A soldier ant (shapeshifter) (Vaults:4)
  5 acid dragons
  11 wargs
  A floating eye (Slime:5)
  9 water moccasins
  10 porcupines
  8 eyes of draining
  57 orc warriors
  6 ice beasts
  6 sky beasts
  4 black bears
  3 phantoms
  A human zombie (Vaults:2)
  58 wolves
  38 ogres
  An elf skeleton (Vaults:2)
  19 centaurs
  19 crocodiles
  2 big kobolds
  17 bullfrogs
  2 wyvern zombies
  5 earth elementals
  A water moccasin zombie (D:7)
  A water moccasin skeleton (D:8)
  5 scorpions
  A wyvern skeleton (D:14)
  2 howler monkeys
  13 wights
  3 electric eels
  8 crimson imps
  A bullfrog zombie (D:11)
  3 centaur zombies
  2 human simulacra
  6 hounds
  17 orc priests
  Crazy Yiuf (D:3)
  6 jellies
  A gnoll shaman (D:8)
  Jessica (D:3)
  5 centaur skeletons
  Natasha (twice) (D:2)
  7 iguanas
  23 orc wizards
  15 worker ants
  A hound skeleton (D:8)
  A howler monkey zombie (D:11)
  12 mummies (Ossuary)
  2 worker ant zombies
  Robin (D:3)
  13 gnolls
  17 adders
  4 shadow imps
  13 oozes
  3 adder skeletons
  3 adder zombies
  4 dart slugs
  7 worms
  8 leopard geckos
  103 orcs
  3 ball pythons
  9 bats
  11 giant cockroaches
  11 goblins
  5 hobgoblins
  16 jackals
  19 kobolds
  10 quokkas
  4 frilled lizards
  3 gnoll skeletons (Ossuary)
  A goblin skeleton (Ossuary)
  A kobold skeleton (Ossuary)
  3 orc skeletons (Ossuary)
  7 rats
  11 rat skeletons (Ossuary)
  A bush (Lair:5)
  3 crawling corpses (Vaults:5)
  A fungus (Lair:5)
  6 plants
  A withered plant (D:15)
2201 creatures vanquished.

Vanquished Creatures (collateral kills)
  An ancient lich (Vaults:5)
  Arachne (Spider:2)
  A titan (Vaults:5)
  The ghost of Cral the Lord of Darkness, an adept DsGl of Kikubaaqudgha (Vaults:2)
  A tentacled monstrosity (Vaults:5)
  2 deep elf blademasters
  A deep elf master archer (Elf:3)
  An acid blob (Slime:5)
  2 storm dragons
  2 shadow dragons (Vaults:5)
  A tengu reaver (Vaults:5)
  A vault warden (Vaults:5)
  3 deep elf sorcerers (Elf:3)
  An emperor scorpion (Spider:2)
  3 deep elf elementalists
  A very ugly thing (Vaults:1)
  An ironheart preserver (Vaults:3)
  A stone giant (Vaults:2)
  5 deep elf demonologists (Elf:3)
  3 deep elf annihilators
  An ettin (Vaults:5)
  A deep elf high priest (Elf:3)
  A great orb of eyes (Vaults:5)
  A two-headed ogre (Vaults:4)
  4 dancing weapons
  A storm dragon skeleton (Vaults:2)
  A glowing orange brain (Vaults:4)
  A deep elf archer (Elf:3)
  An orc knight (Vaults:2)
  A wolf spider (Spider:4)
  3 ugly things
  8 demonic crawlers
  A hornet (Spider:2)
  A tarantella (Spider:4)
  3 redbacks
  A fire elemental (Elf:2)
  An eye of draining (Slime:5)
  An ogre (Vaults:3)
65 creatures vanquished.

Vanquished Creatures (others)
  3 yaktaur captains
  A deep troll (Vaults:5)
  A deep elf archer (Vaults:4)
  6 ball lightnings (Shoals:4)
  A deep elf mage (Elf:1)
  A yaktaur (Vaults:3)
  A polar bear (IceCv)
  2 yaks (IceCv)
  3 wolves (IceCv)
  An orc (Orc:2)
  24 fungi
  27 plants
  4 tentacles (Shoals:4)
  A withered plant (D:15)
76 creatures vanquished.

Grand Total: 2342 creatures vanquished

Notes
Turn   | Place    | Note
-------+----------+-------------------------------------------
     0 | D:1      | ANON1729 the Tengu Fire Elementalist began the quest for the Orb.
     0 | D:1      | Reached XP level 1. HP: 10/10 MP: 4/4
   580 | D:1      | Reached skill level 2 in Conjurations
   580 | D:1      | Reached XP level 2. HP: 15/15 MP: 3/6
  1024 | D:2      | Reached XP level 3. HP: 15/19 MP: 4/7
  1096 | D:2      | Learned a level 3 spell: Conjure Flame
  1102 | D:2      | Noticed Natasha
  1338 | D:2      | Reached skill level 3 in Conjurations
  1389 | D:2      | Killed Natasha
  1389 | D:2      | Reached XP level 4. HP: 13/24 MP: 0/9
  1780 | D:2      | Noticed Natasha
  1790 | D:2      | Killed Natasha
  1790 | D:2      | Gained mutation: You can fly. [Tengu growth]
  1790 | D:2      | Reached XP level 5. HP: 12/28 MP: 0/10
  1970 | D:2      | Learned a level 4 spell: Sticky Flame
  2096 | D:2      | Noticed Sigmund
  2472 | D:2      | Reached skill level 4 in Conjurations
  2669 | D:2      | Killed Sigmund
  2669 | D:2      | Reached skill level 1 in Shields
  2669 | D:2      | Reached skill level 5 in Fire Magic
  2669 | D:2      | Reached XP level 6. HP: 32/32 MP: 0/13
  2873 | D:2      | Found a shadowy altar of Dithmenos.
  3452 | D:3      | Noticed Jessica
  3456 | D:3      | Killed Jessica
  3589 | D:3      | Noticed SlightEye's ghost (amateur OpAs)
  3597 | D:3      | Killed SlightEye's ghost
  3597 | D:3      | Reached XP level 7. HP: 36/36 MP: 3/14
  3700 | D:3      | Noticed Robin
  3731 | D:3      | Reached skill level 5 in Conjurations
  3921 | D:3      | Killed Robin
  3930 | D:3      | Found a runed door.
  3964 | D:3      | Noticed Crazy Yiuf
  3968 | D:3      | Killed Crazy Yiuf
  4073 | D:3      | Noticed Grinder
  4078 | D:3      | Paralysed by Grinder for 5 turns
  4085 | D:3      | Paralysed by Grinder for 4 turns
  4086 | D:3      | Killed Grinder
  4086 | D:3      | Reached skill level 5 in Spellcasting
  4609 | D:4      | Learned a level 5 spell: Fireball
  4912 | D:4      | Found Beqico's Magic Scroll Shoppe.
  4915 | D:4      | Bought a scroll of teleportation for 30 gold pieces
  4915 | D:4      | Bought a scroll of blinking for 75 gold pieces
  5047 | D:4      | Reached XP level 8. HP: 34/41 MP: 11/16
  5764 | D:5      | Entered Level 5 of the Dungeon
  5985 | D:5      | Found a glowing drain.
  5998 | Sewer    | Entered a sewer
  7747 | D:6      | Reached skill level 6 in Conjurations
  8039 | D:6      | Found a sand-covered staircase.
  8072 | Ossuary  | Entered an ossuary
  8936 | D:6      | Reached XP level 9. HP: 35/45 MP: 1/19
  9475 | D:6      | Reached skill level 7 in Conjurations
  9482 | D:6      | Gained mutation: Your flesh is cold resistant. (rC+) [mutagenic meat]
  9484 | D:6      | Gained mutation: You can translocate small distances at will. [mutagenic meat]
  9485 | D:6      | Gained mutation: Your magical capacity is low. (-10% MP) [mutagenic meat]
  9486 | D:6      | Gained mutation: Your mind is acute. (Int +2) [mutagenic meat]
  9522 | D:6      | Found a shattered altar of Ashenzari.
  9645 | D:7      | Found a staircase to the Ecumenical Temple.
  9654 | Temple   | Entered the Ecumenical Temple
  9739 | Temple   | Became a worshipper of Vehumet
 10424 | D:7      | Found Atiur's Antique Armour Emporium.
 10531 | D:7      | Found a glowing golden altar of the Shining One.
 10543 | D:7      | Found a stormy altar of Qazlal.
 10547 | D:7      | Found a hide-covered altar of Uskayaw.
 10709 | D:7      | Reached * piety under Vehumet
 10709 | D:7      | Offered knowledge of Magic Dart by Vehumet.
 11161 | D:8      | Found a staircase to the Lair.
 11272 | D:8      | Reached skill level 8 in Conjurations
 11272 | D:8      | Reached XP level 10. HP: 50/50 MP: 11/20
 12044 | D:9      | Noticed a two-headed ogre
 12073 | D:9      | Killed a two-headed ogre
 12073 | D:9      | Reached skill level 10 in Fire Magic
 12127 | D:9      | Noticed Maurice
 12226 | D:9      | Killed Maurice
 12425 | D:9      | Found a shadowy altar of Dithmenos.
 12471 | D:9      | Found a basalt altar of Yredelemnul.
 12559 | D:9      | Reached skill level 9 in Conjurations
 12602 | D:9      | Found a bloodstained altar of Trog.
 12603 | D:9      | Reached ** piety under Vehumet
 12603 | D:9      | Offered knowledge of Freeze by Vehumet.
 13088 | D:10     | Entered Level 10 of the Dungeon
 13196 | D:10     | Noticed an orc knight
 13479 | D:10     | Reached XP level 11. HP: 37/54 MP: 6/23
 13958 | D:10     | Offered knowledge of Static Discharge by Vehumet.
 14091 | D:10     | Found Wasilill's Armour Shop.
 14092 | D:10     | Found a staircase to the Orcish Mines.
 14440 | D:10     | Noticed a two-headed ogre
 14484 | D:10     | Killed a two-headed ogre
 14484 | D:10     | Reached skill level 10 in Spellcasting
 14484 | D:10     | Reached skill level 10 in Conjurations
 14700 | D:10     | Killed an orc knight
 14881 | D:11     | Reached *** piety under Vehumet
 15169 | D:11     | Noticed a cyclops
 15394 | D:11     | Killed a cyclops
 15394 | D:11     | Offered knowledge of Airstrike by Vehumet.
 15865 | D:11     | Noticed a green ugly thing
 15875 | D:11     | Killed a green ugly thing
 15901 | D:11     | Gained mutation: You tend to lose your temper in combat. [mutagenic meat]
 15902 | D:11     | Gained mutation: You are frail. (-10% HP) [mutagenic meat]
 15936 | D:11     | Lost mutation: You are frail. (-10% HP) [potion of mutation]
 15936 | D:11     | Lost mutation: Your flesh is cold resistant. (rC+) [potion of mutation]
 15936 | D:11     | Lost mutation: You tend to lose your temper in combat. [potion of mutation]
 15936 | D:11     | Lost mutation: Your magical capacity is low. (-10% MP) [potion of mutation]
 15936 | D:11     | Lost mutation: You can translocate small distances at will. [potion of mutation]
 15936 | D:11     | Gained mutation: You are partially covered in icy blue scales. (AC +2) [potion of mutation]
 15936 | D:11     | Gained mutation: You tend to lose your temper in combat. [potion of mutation]
 15936 | D:11     | Gained mutation: Your flesh is cold resistant. (rC+) [potion of mutation]
 15980 | D:11     | Noticed a tengu warrior
 15981 | D:11     | Noticed a five-headed hydra
 15992 | D:11     | Noticed a cyclops
 16167 | D:12     | Noticed a frost giant
 16246 | D:12     | Noticed a cyclops
 16470 | D:12     | Reached skill level 11 in Conjurations
 16701 | D:12     | Found a hazy altar of Hepliaklqana.
 17185 | Lair:1   | Entered Level 1 of the Lair of Beasts
 17237 | Lair:1   | Reached XP level 12. HP: 59/59 MP: 17/27
 17642 | Lair:1   | Reached **** piety under Vehumet
 17915 | Lair:1   | Noticed an eight-headed hydra
 17924 | Lair:1   | Killed an eight-headed hydra
 18662 | Lair:2   | Noticed Erica
 18666 | Lair:2   | Killed Erica
 18871 | Lair:2   | Offered knowledge of Force Lance by Vehumet.
 19338 | Lair:3   | Noticed Nergalle
 19608 | Lair:3   | Noticed Snorg
 19609 | Lair:3   | Reached skill level 12 in Conjurations
 19614 | Lair:3   | Killed Nergalle
 19655 | Lair:3   | Noticed Sonja
 20126 | Lair:3   | Reached XP level 13. HP: 45/63 MP: 11/30
 20403 | Lair:3   | Found a hole to the Spider Nest.
 20780 | Lair:3   | Killed Sonja
 20982 | Lair:3   | Killed Snorg
 21786 | Lair:4   | Reached skill level 15 in Fire Magic
 21793 | Lair:4   | Reached ***** piety under Vehumet
 21799 | Lair:4   | Offered knowledge of Bolt of Cold by Vehumet.
 21801 | Lair:4   | Paralysed by a hornet for 1 turns
 22210 | Lair:4   | Reached skill level 13 in Conjurations
 22861 | Lair:4   | Noticed a merfolk impaler
 22884 | Lair:4   | Killed a merfolk impaler
 23052 | Lair:4   | Found a staircase to the Shoals.
 23453 | Lair:5   | Noticed Nessos
 23460 | Lair:5   | Gained mutation: You can fly continuously. [Tengu growth]
 23460 | Lair:5   | Reached XP level 14. HP: 68/68 MP: 18/32
 23461 | Lair:5   | Killed Nessos
 23485 | Lair:5   | Noticed Josephine
 23499 | Lair:5   | Noticed Rupert
 23706 | Lair:4   | Killed Josephine
 25448 | Lair:4   | Killed Rupert
 25448 | Lair:4   | Reached skill level 14 in Conjurations
 25780 | Lair:5   | Learned a level 6 spell: Bolt of Cold
 26348 | Lair:6   | Entered Level 6 of the Lair of Beasts
 26406 | Lair:6   | Offered knowledge of Bolt of Fire by Vehumet.
 26887 | Lair:6   | Found a labyrinth entrance.
 26895 | Lab      | Entered a labyrinth
 28103 | Lair:6   | Reached XP level 15. HP: 66/72 MP: 27/34
 28137 | Lair:6   | Learned a level 6 spell: Bolt of Fire
 28221 | Lair:6   | Found a viscous altar of Jiyva.
 28222 | Lair:6   | Found a staircase to the Slime Pits.
 28679 | Lair:6   | Got a steaming robe
 28697 | Lair:6   | Identified the cursed +1 robe of Rationality {Regen+} (You found it on level 6 of the Lair of Beasts)
 29240 | Lair:6   | Identified the Papyrus of the Quantum Arsonist
 29243 | Lair:6   | Got a smoking scale mail
 29256 | Lair:6   | Identified the +5 scale mail of Ofyjoer {rC+ Int-3 Dex+4} (You found it on level 6 of the Lair of Beasts)
 29863 | Lair:6   | Reached skill level 15 in Spellcasting
 30158 | Lair:2   | Learned a level 6 spell: Iron Shot
 30245 | Orc:1    | Entered Level 1 of the Orcish Mines
 30583 | Orc:1    | Noticed Erolcha
 30655 | Orc:1    | Killed Erolcha
 30739 | Orc:2    | Entered Level 2 of the Orcish Mines
 30766 | Orc:2    | Reached skill level 15 in Conjurations
 31302 | Orc:2    | Found Hishey's Armour Shoppe.
 31302 | Orc:2    | Found Ekkiets's Magic Scroll Shop.
 31307 | Orc:2    | Offered knowledge of Poison Arrow by Vehumet.
 31784 | Orc:2    | Bought a scroll of random uselessness for 17 gold pieces
 31838 | Orc:2    | Found a roughly hewn altar of Beogh.
 32572 | Orc:2    | Found a staircase to the Elven Halls.
 32749 | Orc:2    | Found Pesukuv's Armour Shoppe.
 32749 | Orc:2    | Found Nuttouha's Book Shop.
 32856 | Orc:2    | Found Yhakuok's General Store.
 33033 | Orc:1    | Offered knowledge of Freezing Cloud by Vehumet.
 33037 | Orc:1    | Noticed an orc warlord
 33304 | Orc:2    | Bought a book of Power for 495 gold pieces
 33319 | Orc:2    | Bought a +2 hat of magic resistance for 252 gold pieces
 33435 | Orc:2    | Learned a level 5 spell: Iskenderun's Battlesphere
 33463 | Orc:1    | Killed an orc warlord
 35148 | D:11     | Reached XP level 16. HP: 71/76 MP: 26/36
 35335 | D:11     | Found Lotuesoa's Magic Scroll Emporium.
 36333 | D:12     | Found Ixozenk's Gadget Boutique.
 36961 | Lair:2   | Identified a scroll of acquirement
 37880 | D:13     | Reached skill level 16 in Conjurations
 38138 | D:14     | Noticed Roxanne
 38148 | D:14     | Noticed Sharkie's ghost (adept VSFi)
 38428 | D:14     | Found Mablehib's Assorted Antiques.
 38445 | D:13     | Gained mutation: You are partially covered in thin metallic scales. (AC +2) [mutagenic meat]
 38446 | D:13     | Gained mutation: Your natural rate of healing is unusually fast. [mutagenic meat]
 38545 | D:13     | Reached ****** piety under Vehumet
 38843 | D:14     | Found Gifor's Distillery.
 38881 | D:14     | Learned a level 6 spell: Freezing Cloud
 38926 | D:14     | Reached skill level 1 in Air Magic
 38927 | D:14     | Killed Sharkie's ghost
 38927 | D:14     | Reached skill level 1 in Fighting
 39070 | D:14     | Reached skill level 1 in Armour
 39251 | D:14     | Found a gate to the Vaults.
 39605 | D:14     | Offered knowledge of Conjure Ball Lightning by Vehumet.
 39942 | D:14     | Found Iffiutuv's Jewellery Emporium.
 40073 | D:14     | Found Hoisseh's Assorted Antiques.
 40253 | D:15     | Entered Level 15 of the Dungeon
 40423 | D:15     | Found an iron altar of Okawaru.
 40630 | D:15     | Noticed Urug
 40643 | D:15     | Killed Urug
 40913 | D:15     | Found a frozen archway.
 40940 | IceCv    | Entered an ice cave
 41160 | IceCv    | Reached skill level 5 in Air Magic
 41430 | IceCv    | Offered knowledge of Ozocubu's Refrigeration by Vehumet.
 42184 | D:15     | Reached XP level 17. HP: 89/89 MP: 9/38
 42634 | D:15     | Found Juvich's Armour Emporium.
 42707 | D:15     | Found a staircase to the Depths.
 43246 | D:7      | Bought a smoking leather armour for 175 gold pieces
 43258 | D:7      | Identified the +4 leather armour "Zuchodix" {rF+ Str-3 Int+2} (You bought it in a shop on level 7 of the Dungeon)
 43398 | Shoals:1 | Entered Level 1 of the Shoals
 43402 | Shoals:1 | Reached skill level 5 in Fighting
 44031 | Shoals:1 | Noticed Goboxel's ghost (journeyman DrMo)
 44208 | Shoals:1 | Killed Goboxel's ghost
 44529 | Shoals:1 | Offered knowledge of Conjure Ball Lightning by Vehumet.
 44537 | Shoals:1 | Learned a level 6 spell: Conjure Ball Lightning
 45150 | Shoals:2 | Reached skill level 5 in Dodging
 45337 | Shoals:2 | Reached skill level 5 in Armour
 45492 | Shoals:2 | Got a smoking chain mail
 45506 | Shoals:2 | Identified the +3 chain mail of the Lost Path {rPois rF+ rCorr Dex-2} (You found it on level 2 of the Shoals)
 45678 | Shoals:2 | Reached skill level 17 in Conjurations
 46850 | Shoals:3 | Offered knowledge of Chain Lightning by Vehumet.
 46850 | Shoals:3 | Offered knowledge of Tornado by Vehumet.
 46850 | Shoals:3 | Offered knowledge of Ignition by Vehumet.
 47987 | Shoals:4 | Entered Level 4 of the Shoals
 48203 | Shoals:4 | Noticed Ilsuiw
 48206 | Shoals:4 | Reached XP level 18. HP: 101/101 MP: 28/39
 48321 | Lair:2   | Learned a level 8 spell: Ignition
 48421 | Shoals:4 | Noticed SirMumm's ghost (adept GrWz)
 48622 | Shoals:4 | Reached skill level 10 in Air Magic
 49771 | Shoals:4 | Got a barnacled rune of Zot
 50121 | Shoals:4 | Killed Ilsuiw
 50406 | Shoals:4 | Identified Sif Muna's Almanac of Dislocated Battle Magic
 50669 | Shoals:4 | Killed SirMumm's ghost
 51168 | Shoals:4 | Identified the Tome of Nocuous Companions
 51911 | Lair:2   | Learned a level 7 spell: Orb of Destruction
 52048 | Elf:1    | Entered Level 1 of the Elven Halls
 54104 | Elf:1    | Reached skill level 10 in Fighting
 54104 | Elf:1    | Reached skill level 18 in Conjurations
 54104 | Elf:1    | Reached XP level 19. HP: 112/112 MP: 33/41
 54971 | Elf:2    | Noticed Asterion
 54988 | Elf:2    | Killed Asterion
 55916 | Elf:2    | Found a runed gate.
 55916 | Elf:2    | Found a runed gate.
 55916 | Elf:2    | Found a runed gate.
 57254 | Slime:1  | Entered Level 1 of the Pits of Slime
 57279 | Slime:1  | Gained mutation: You are clumsy. (Dex -2) [a shining eye]
 58186 | Slime:1  | Gained mutation: You are weak. (Str -2) [a shining eye]
 58752 | Slime:2  | Reached skill level 10 in Dodging
 58763 | Slime:2  | Reached XP level 20. HP: 122/122 MP: 7/42
 59362 | Slime:2  | Reached skill level 19 in Conjurations
 60663 | Slime:3  | Noticed Dissolution
 60926 | Orc:2    | Bought a potion of mutation for 128 gold pieces
 60926 | Orc:2    | Bought a scroll of blinking for 120 gold pieces
 60926 | Orc:2    | Bought a scroll of blinking for 120 gold pieces
 61072 | Lair:2   | Learned a level 7 spell: Spellforged Servitor
 61075 | Lair:2   | Learned a level 2 spell: Swiftness
 61333 | Lair:6   | Reached skill level 1 in Summonings
 61514 | Slime:3  | Killed Dissolution
 62691 | Slime:5  | Entered Level 5 of the Pits of Slime
 62798 | Slime:5  | Gained mutation: Your spells are a little easier to cast, but a little less powerful. [a shining eye]
 62809 | Slime:5  | Noticed the Royal Jelly
 63088 | Slime:4  | Reached XP level 21. HP: 66/130 MP: 24/44
 63092 | Slime:4  | Noticed Peloso's ghost (veteran MiFi)
 63415 | Slime:4  | HP: 1/195 [Peloso's ghost (40)]
 64991 | Elf:3    | Entered Level 3 of the Elven Halls
 65908 | Elf:2    | Reached skill level 5 in Summonings
 67140 | Elf:3    | Lost mutation: Your mind is acute. (Int +2) [potion of mutation]
 67140 | Elf:3    | Gained mutation: You are dopey. (Int -2) [potion of mutation]
 67140 | Elf:3    | Gained mutation: Your skin changes colour to match your surroundings (Stealth+). [potion of mutation]
 67141 | Elf:3    | Lost mutation: You are dopey. (Int -2) [potion of mutation]
 67141 | Elf:3    | Lost mutation: You are clumsy. (Dex -2) [potion of mutation]
 67141 | Elf:3    | Lost mutation: Your skin changes colour to match your surroundings (Stealth+). [potion of mutation]
 67141 | Elf:3    | Gained mutation: You are partially covered in large bone plates. (SH +4) [potion of mutation]
 67141 | Elf:3    | Gained mutation: You are resistant to hostile enchantments. (MR+) [potion of mutation]
 67253 | Elf:3    | Found Pasa Puw's Weapon Shoppe.
 68033 | Elf:3    | Reached skill level 20 in Conjurations
 68289 | Elf:3    | Reached XP level 22. HP: 39/137 MP: 19/45
 68295 | Elf:3    | Reached skill level 5 in Necromancy
 68295 | Elf:3    | Reached XP level 23. HP: 45/142 MP: 5/46
 68861 | Elf:3    | Got an iridescent quarterstaff {venom}
 68862 | Elf:3    | Identified the +9 quarterstaff of the Gnat {venom, Stlth+} (You took it off a deep elf demonologist on level 3 of the Elven Halls)
 69028 | Elf:3    | Got a bound lead amulet
 69086 | Elf:3    | Got a faintly glowing trident {pierce}
 69087 | Elf:3    | Identified the +11 trident "Remaser" {pierce, rPois rC- MP+9} (You took it off a deep elf high priest on level 3 of the Elven Halls)
 69501 | Elf:3    | Identified the amulet "Pigeff" {Harm *Drain Str+2} (You took it off a deep elf elementalist on level 3 of the Elven Halls)
 69548 | Elf:3    | Got an iridescent short sword
 69555 | Elf:3    | Learned a level 1 spell: Summon Butterflies
 69555 | Elf:3    | Identified the +3 short sword of Piajecec {elec, Str-4 Dex+7} (You found it on level 3 of the Elven Halls)
 69868 | Spider:1 | Entered Level 1 of the Spider Nest
 70974 | Spider:1 | You are sucked into a shaft!
 70980 | Spider:2 | Noticed Arachne
 71092 | Spider:2 | Killed Arachne
 71092 | Spider:2 | Reached skill level 15 in Air Magic
 71830 | Spider:3 | Reached XP level 24. HP: 132/148 MP: 36/46
 72046 | Spider:3 | Noticed Aizul
 72055 | Spider:3 | Killed Aizul
 72096 | Spider:3 | Lost mutation: You are resistant to hostile enchantments. (MR+) [potion of mutation]
 72096 | Spider:3 | Lost mutation: Your flesh is cold resistant. (rC+) [potion of mutation]
 72096 | Spider:3 | Lost mutation: Your spells are a little easier to cast, but a little less powerful. [potion of mutation]
 72096 | Spider:3 | Gained mutation: You are agile. (Dex +2) [potion of mutation]
 72096 | Spider:3 | Gained mutation: You are dopey. (Int -2) [potion of mutation]
 72096 | Spider:3 | Gained mutation: Your flesh is heat resistant. (rF+) [potion of mutation]
 72488 | Spider:4 | Entered Level 4 of the Spider Nest
 72792 | Spider:4 | Noticed Bai Suzhen
 72802 | Spider:4 | Killed Bai Suzhen
 73787 | Spider:4 | Got a gossamer rune of Zot
 74354 | Slime:5  | Found a viscous altar of Jiyva.
 74600 | Slime:5  | Killed the Royal Jelly
 74699 | Slime:5  | Got a jewelled great mace
 74720 | Slime:5  | Gained mutation: You expend magic power (3 MP) to strengthen your wands. [a shining eye]
 74825 | Slime:5  | Got a faintly humming scale mail
 74845 | Slime:5  | Got a slimy rune of Zot
 74854 | Slime:5  | Got a twitching lapis lazuli ring
 74881 | Slime:5  | Identified the +4 scale mail of Repulsion {*Contam rPois rN++} (You found it on level 5 of the Pits of Slime)
 74909 | Slime:5  | Identified the +7 great mace "Jellyslayer" {holy, MR+ Str+3} (You found it on level 5 of the Pits of Slime)
 74941 | Slime:5  | Gained mutation: Armour fits poorly on your strangely shaped body. [mutagenic glow]
 75054 | Lair:6   | Identified the ring of Diamieh {Ice Str+2 Dex+3 Slay+2} (You found it on level 5 of the Pits of Slime)
 75351 | D:14     | Bought a potion of mutation for 120 gold pieces
 75351 | D:14     | Lost mutation: You are agile. (Dex +2) [potion of mutation]
 75351 | D:14     | Lost mutation: Your natural rate of healing is unusually fast. [potion of mutation]
 75351 | D:14     | Lost mutation: Your flesh is heat resistant. (rF+) [potion of mutation]
 75351 | D:14     | Lost mutation: Armour fits poorly on your strangely shaped body. [potion of mutation]
 75351 | D:14     | Lost mutation: You tend to lose your temper in combat. [potion of mutation]
 75351 | D:14     | Lost mutation: You are dopey. (Int -2) [potion of mutation]
 75351 | D:14     | Gained mutation: You are somewhat resistant to further mutation. [potion of mutation]
 75391 | Vaults:1 | Entered Level 1 of the Vaults
 75664 | Vaults:1 | Got a dazzling arbalest
 76630 | Vaults:1 | Reached skill level 21 in Conjurations
 77094 | Vaults:1 | Reached skill level 15 in Fighting
 77316 | Vaults:2 | Identified the Tome of the Sinister Blaze
 77694 | Vaults:2 | Reached skill level 10 in Summonings
 77707 | Vaults:2 | Reached XP level 25. HP: 96/155 MP: 16/46
 78166 | Vaults:2 | Noticed Cral's ghost (adept DsGl)
 78174 | Vaults:2 | Killed Cral's ghost
 78461 | Vaults:2 | Found Seeb's Assorted Antiques.
 78563 | Vaults:2 | Bought a scroll labeled DAUHIN DUOQADI for 37 gold pieces
 78575 | Vaults:2 | Found Paphapt's General Store.
 78592 | Vaults:2 | Identified the cursed +3 arbalest of Tacsaol {elec, rF+++ MR- Dex+3 Stlth+} (You found it on level 1 of the Vaults)
 78663 | Vaults:2 | Got an ichor-stained hand axe
 78664 | Vaults:2 | Identified the +7 hand axe of Kateasan {freeze, Str+2} (You found it on level 2 of the Vaults)
 78893 | Vaults:2 | Found a staircase to the Crypt.
 78906 | Vaults:2 | Got a transparent great sword {flame}
 79440 | Vaults:2 | Found Cawnorgh's Assorted Antiques.
 79569 | Vaults:2 | Noticed Frederick
 79579 | Vaults:2 | Killed Frederick
 81530 | Vaults:3 | Found Fariz's Book Boutique.
 81922 | Vaults:4 | Identified the cursed +0 great sword "Rufaetip" {flame, Str+9} (You took it off a yaktaur captain on level 2 of the Vaults)
 81973 | Vaults:4 | Found Zaboergha's Armour Emporium.
 82189 | Vaults:4 | Found Zaohaq's Distillery.
 82208 | Vaults:4 | Bought 2 potions of heal wounds for 140 gold pieces
 82208 | Vaults:4 | Bought a potion of haste for 140 gold pieces
 82208 | Vaults:4 | Bought a potion of curing for 42 gold pieces
 82676 | Vaults:4 | Found a bloodstained altar of Trog.
 83114 | Vaults:4 | Reached XP level 26. HP: 133/162 MP: 33/47
 83472 | Vaults:4 | Reached skill level 22 in Conjurations
 83495 | Vaults:4 | Found Zeecelir's Antique Armour Emporium.
 83782 | Vaults:4 | Found Piheseh's Magic Scroll Shoppe.
 83793 | Vaults:4 | Bought a scroll of blinking for 75 gold pieces
 83793 | Vaults:4 | Bought a scroll of fog for 20 gold pieces
 83793 | Vaults:4 | Bought a scroll of identify for 20 gold pieces
 84369 | Vaults:5 | Entered Level 5 of the Vaults
 84459 | Vaults:5 | Noticed an ancient lich
 85008 | Vaults:5 | Noticed an ancient lich
 85367 | Vaults:4 | Learned a level 9 spell: Tornado
 85395 | Vaults:4 | Killed an ancient lich
 85595 | Vaults:5 | Killed an ancient lich
 85986 | Vaults:5 | Reached XP level 27. HP: 169/169 MP: 47/47
 86042 | Vaults:5 | Hit by a large rock thrown by a stone giant

Skill      XL: |  1  2  3  4  5  6  7  8  9 10 11 12 13 14 15 16 17 18 19 20 21 22 23 24 25 26 |
---------------+-------------------------------------------------------------------------------+-----
Conjurations   | 2 3 4 5 6 8 9 11 12 13 14 15 16 17 18 19 20 21 22 | 22.5
Fire Magic     | 4 5 6 7 9 11 12 14 15 17 18 19 20 | 20.1
Spellcasting   | 3 4 5 6 7 9 10 12 13 14 15 16 17 18 19 | 19.6
Shields        | 1 2 3 4 |  4.0
Air Magic      | 6 9 11 12 14 15 17 19 20 | 20.8
Fighting       | 4 7 10 12 13 14 15 16 | 16.4
Armour         | 3 5 |  5.7
Dodging        | 4 6 8 10 11 12 | 12.2
Summonings     | 3 6 7 10 11 13 | 13.2
Maces & Flails | 2 |  2.7
Necromancy     | 5 |  5.1
Stealth        | |  2.0

Action                   |  1- 3 |  4- 6 |  7- 9 | 10-12 | 13-15 | 16-18 | 19-21 | 22-24 | 25-27 || total
-------------------------+-------+-------+-------+-------+-------+-------+-------+-------+-------++-------
Melee: Short sword       |    21 |   101 |     2 |       |       |       |       |       |       ||   124
       Kick              |     2 |    35 |    13 |    21 |    66 |    38 |    12 |    56 |    79 ||   322
       Peck              |     2 |    19 |    11 |    14 |    43 |    29 |    10 |    38 |    33 ||   199
       Mace              |       |       |    81 |       |       |       |       |       |       ||    81
       Rapier            |       |       |    24 |   117 |   237 |   145 |    51 |       |       ||   574
       Unarmed           |       |       |       |       |     3 |       |       |       |       ||     3
       Trident           |       |       |       |       |       |       |       |   173 |   226 ||   399
 Cast: Flame Tongue      |    41 |    65 |   306 |   171 |   134 |    53 |       |       |       ||   770
       Conjure Flame     |       |     4 |     5 |    15 |       |       |       |       |       ||    24
       Sticky Flame      |       |     1 |    16 |    62 |   117 |    31 |    22 |     8 |     8 ||   265
       Fireball          |       |       |    10 |   103 |   197 |    46 |       |       |       ||   356
       Bolt of Cold      |       |       |       |       |     2 |    22 |       |     9 |     9 ||    42
       Bolt of Fire      |       |       |       |       |   129 |   394 |   241 |   182 |   197 ||  1143
       Iskenderun's Batt |       |       |       |       |     1 |     6 |     6 |     4 |       ||    17
       Iron Shot         |       |       |       |       |       |    39 |    77 |    12 |     9 ||   137
       Conjure Ball Ligh |       |       |       |       |       |     3 |       |       |       ||     3
       Ignition          |       |       |       |       |       |    25 |    98 |    81 |    94 ||   298
       Orb of Destructio |       |       |       |       |       |     1 |     1 |     2 |    14 ||    18
       Spellforged Servi |       |       |       |       |       |       |     9 |    22 |    13 ||    44
       Swiftness         |       |       |       |       |       |       |     1 |       |       ||     1
       Summon Butterflie |       |       |       |       |       |       |       |     4 |       ||     4
 Abil: Fly               |       |     2 |     7 |    22 |     4 |     5 |       |       |       ||    40
       Stop Flying       |       |       |       |       |       |     5 |       |       |       ||     5
Evoke: Wand              |       |     1 |    10 |     1 |     9 |     4 |    10 |     6 |       ||    41
       Sack of spiders   |       |       |       |       |       |       |       |     1 |       ||     1
  Use: Scroll            |       |       |     8 |    10 |     9 |    19 |     6 |     9 |     6 ||    67
       Potion            |       |       |       |     8 |     2 |     3 |    15 |     4 |     1 ||    33
 Stab: Sleeping          |       |     3 |     2 |       |       |     1 |       |       |       ||     6
       Distracted        |       |       |       |       |       |     1 |       |     2 |     2 ||     5
  Eat: Chunk             |     1 |     9 |    27 |    38 |    77 |    67 |    27 |    40 |    65 ||   351
       Royal jelly       |       |       |     2 |       |       |     5 |       |    15 |       ||    22
       Bread ration      |       |       |     1 |     2 |     1 |     8 |     2 |     1 |     1 ||    16
       Fruit             |       |       |       |     5 |     3 |    15 |    32 |     7 |     3 ||    65
       Meat ration       |       |       |       |       |       |     3 |    11 |     1 |     1 ||    16
Armor: Robe              |    14 |    10 |    69 |    44 |   104 |    85 |    43 |    28 |    22 ||   419
Dodge: Dodged            |    23 |    33 |   143 |   127 |   296 |   162 |   129 |   243 |   198 ||  1354
Block: Buckler           |       |     4 |    45 |    83 |   152 |   142 |    80 |   219 |   215 ||   940
       Reflection        |       |       |       |     2 |     4 |    31 |     9 |     6 |    26 ||    78
       Other             |       |       |       |       |    34 |       |       |       |     1 ||    35
